 Dungeon Crawl Stone Soup version 0.27-a0-79-gcaaa221d37 (webtiles) character file.

Game seed: 14420344211507622396

10226 lunkers the Zephyrmancer (level 11, -2/89 HPs)
             Began as a Demigod Air Elementalist on Jan 14, 2021.
             Slain by a seven-headed hydra (12 damage)
             ... on level 11 of the Dungeon.
             The game lasted 00:19:47 (16392 turns).

lunkers the Zephyrmancer (DgAE)                    Turns: 16392, Time: 00:19:47

Health: -2/89      AC:  5    Str: 11    XL:     11   Next: 12%
Magic:  27/27      EV: 12    Int: 29    God:
Gold:   129        SH:  0    Dex: 16    Spells: 12/26 levels left

rFire    + . .     SeeInvis +   u - +6 mace "Voets" {vorpal, +Fly rF+ rN+}
rCold    . . .     Faith    .   (no shield)
rNeg     + . .     Spirit   .   n - +0 troll leather armour
rPois    .         Reflect  .   (no helmet)
rElec    .         Harm     .   y - scarf {+Inv}
rCorr    .         Rampage  .   (no gloves)
Will     +....                  h - +0 pair of boots of Gozamisch {Int+4}
Stlth    +.........             (no amulet)
HPRegen  0.64/turn              I - ring of see invisible
MPRegen  0.20/turn              (no ring)

@: about to teleport, very slow
A: high mp 1
a: Evoke Invisibility, Evoke Flight


You were on level 11 of the Dungeon.
You visited 2 branches of the dungeon, and saw 14 of its levels.

You collected 545 gold pieces.
You spent 416 gold pieces at shops.

Inventory:

Hand Weapons
 e - a +0 dagger
 u - the +6 mace "Voets" (weapon) {vorpal, +Fly rF+ rN+}
   (You bought it in a shop on level 5 of the Dungeon)

   It inflicts extra damage upon your enemies.
   It protects you from fire.
   It protects you from negative energy.
   It lets you fly.
 F - a +5 scimitar of flaming
Armour
 h - the +0 pair of boots of Gozamisch (worn) {Int+4}
   (You bought it in a shop on level 8 of the Dungeon)

   It affects your intelligence (+4).
 n - a +0 troll leather armour (worn)
 q - the +2 robe "Butew" {Int+3}
   (You found it on level 4 of the Dungeon)

   It affects your intelligence (+3).
 t - a +1 pair of boots
 y - a scarf of invisibility (worn)
 E - +0 steam dragon scales
Jewellery
 I - a ring of see invisible (left hand)
Wands
 l - a wand of iceblast (12)
 w - a wand of digging (17)
 x - a wand of random effects (45)
 C - a wand of polymorph (11)
 G - a wand of flame (51)
 J - a wand of enslavement (11)
Scrolls
 b - a scroll of random uselessness
 c - a scroll of enchant weapon
 g - a scroll of teleportation
 i - 7 scrolls of remove curse
 j - 3 scrolls of amnesia
 m - 3 scrolls of magic mapping
 r - a scroll of enchant armour
 s - a scroll of immolation
Potions
 a - a potion of berserk rage
 d - a potion of invisibility
 f - a potion of resistance
 o - 2 potions of mutation
 p - a potion of curing
 v - 2 potions of heal wounds
 z - a potion of lignification
 A - a potion of might
 D - a potion of ambrosia
 H - a potion of haste
Miscellaneous
 k - a tin of tremorstones (2/2)
 K - a phial of floods


   Skills:
 + Level 5.9 Fighting
 - Level 1.7 Dodging
 - Level 1.7 Stealth
 + Level 8.3 Spellcasting
 - Level 0.8 Conjurations
 * Level 12.5 Air Magic


You had 12 spell levels left.
You knew the following spells:

 Your Spells              Type           Power        Failure   Level
a - Airstrike             Air            35%          1%          4
b - Swiftness             Air            71%          1%          2
c - Static Discharge      Conj/Air       50%          1%          3
d - Lightning Bolt        Conj/Air       25%          11%         5

Your spell library contained the following spells:

 Spells                   Type           Power        Failure   Level
 Shock                    Conj/Air       100%         1%          1


Dungeon Overview and Level Annotations

Branches:
Dungeon (13/15)            Temple (0/1) D:5            Lair (1/6) D:11
    Orc (0/2) D:11
 Vaults: D:13-14

Shops:
D:5 *   D:8 (![?


Innate Abilities, Weirdness & Mutations

You have an increased reservoir of magic. (+10% MP)


Message History

The seven-headed hydra barely misses you.
The seven-headed hydra bites you.
* * * LOW HITPOINT WARNING * * *
The seven-headed hydra bites you.
* * * LOW HITPOINT WARNING * * *
The seven-headed hydra barely misses you.
The seven-headed hydra misses you.
Unknown command.
Unknown command.
Unknown command.
You enter the shallow water.
Moving in this stuff is going to be slow.
The seven-headed hydra bites you.
* * * LOW HITPOINT WARNING * * *
The seven-headed hydra completely misses you.
The seven-headed hydra bites you!
* * * LOW HITPOINT WARNING * * *
The seven-headed hydra completely misses you.
The seven-headed hydra bites you!
You die...

...#..............≈≈≈≈≈≈....#..#
..##.........≈≈≈≈≈.≈≈≈≈≈.≈..#..#
..#...#####....≈≈≈≈≈≈≈≈≈≈...#..##
..'...# #....≈≈≈≈≈≈≈≈≈≈≈≈.#....
..#...# ##.≈≈≈≈.≈.≈.≈≈≈≈≈.'....
###...# #..≈≈≈....≈≈≈≈≈≈.#....
......# #.≈≈≈.≈.>.≈≈≈≈≈≈.#....
......# #..≈≈≈.....≈≈≈≈≈.#...#
......# #..≈≈@D...≈≈≈≈≈≈.#...#
......######..≈≈≈....≈≈≈≈≈..#...#
...............≈≈≈..≈≈≈≈≈...#...#
...............≈≈≈≈.≈≈≈≈≈..##...#
.#######..<...≈≈≈≈≈.≈≈≈.........#
.# #......≈≈≈≈≈.≈≈≈≈......).# .#
#.###..≈≈≈.≈.≈≈≈.≈.......# .# #.#
#...≈≈.≈.≈≈≈.≈.......# .# #.#
#....≈.≈.≈≈..≈≈......#


You could see a seven-headed hydra.

Vanquished Creatures
  Erica (D:8)
  A manticore (D:11)
  A centaur zombie (D:10)
  Maggie (D:8)
  Psyche (D:8)
  A troll (D:11)
  A hornet (D:8)
  Prince Ribbit (D:8)
  9 yaks
  2 water elementals (D:11)
  A wyvern (D:8)
  13 orc warriors
  3 sky beasts
  A black bear (D:7)
  2 ice beasts
  5 ogres
  4 phantoms
  4 wolves (D:11)
  3 centaurs
  A wyvern zombie (D:8)
  6 bullfrogs
  5 scorpions
  7 killer bees
  4 electric eels (D:11)
  A quasit (D:8)
  7 hounds
  4 bullfrog zombies
  7 orc priests
  A jelly (D:13)
  A bullfrog skeleton (D:8)
  4 iguanas
  Ijyb (D:5)
  Terence (D:2)
  9 orc wizards
  7 worker ants
  3 hound skeletons
  3 worker ant zombies
  5 gnolls
  11 adders
  A shadow imp (D:5)
  2 white imps
  An ufetubus (D:5)
  3 oozes
  2 adder zombies (D:8)
  An adder skeleton (D:7)
  3 dart slugs
  9 leopard geckos
  62 orcs
  4 bats
  6 giant cockroaches
  2 goblins
  9 hobgoblins
  3 jackals (D:11)
  6 kobolds
  4 quokkas
  A ball python (D:1)
  A frilled lizard (D:2)
  A leopard gecko skeleton (D:6)
  A leopard gecko zombie (D:8)
  10 rats
275 creatures vanquished.

Vanquished Creatures (others)
  4 plants (D:8)
4 creatures vanquished.

Grand Total: 279 creatures vanquished

Notes
Turn   | Place    | Note
-------+----------+-------------------------------------------
     0 | D:1      | lunkers the Demigod Air Elementalist began the quest for
                  | the Orb.
     0 | D:1      | Reached XP level 1. HP: 14/14 MP: 5/5
   370 | D:1      | Reached skill level 3 in Air Magic
   564 | D:1      | Reached XP level 2. HP: 20/20 MP: 5/7
   944 | D:1      | Found a white marble altar of Elyvilon.
  1007 | D:1      | Reached XP level 3. HP: 26/26 MP: 1/9
  1578 | D:2      | Reached skill level 4 in Air Magic
  1750 | D:2      | Found a radiant altar of Vehumet.
  1762 | D:2      | Learned a level 2 spell: Swiftness
  1766 | D:2      | Learned a level 3 spell: Static Discharge
  1876 | D:2      | Found a shimmering altar of Xom.
  1906 | D:2      | Noticed Terence
  1921 | D:2      | Reached XP level 4. HP: 33/33 MP: 7/10
  2337 | D:2      | Killed Terence
  2338 | D:2      | Reached XP level 5. HP: 29/38 MP: 4/12
  2343 | D:2      | Learned a level 4 spell: Airstrike
  2428 | D:2      | You fall into a shaft and drop 1 floor!
  3124 | D:3      | Reached skill level 5 in Air Magic
  3617 | D:4      | Found a white marble altar of Elyvilon.
  3621 | D:4      | Found a glowing golden altar of the Shining One.
  3621 | D:4      | Found a hide-covered altar of Uskayaw.
  3634 | D:4      | Found an iron altar of Okawaru.
  3643 | D:4      | Found a basalt altar of Yredelemnul.
  3974 | D:3      | Noticed a two-headed ogre
  4552 | D:4      | Got a brightly glowing robe
  4563 | D:4      | Identified the +2 robe "Butew" {Int+3} (You found it on
                  | level 4 of the Dungeon)
  4591 | D:5      | Entered Level 5 of the Dungeon
  4675 | D:5      | Found a staircase to the Ecumenical Temple.
  4691 | D:5      | Reached XP level 6. HP: 45/45 MP: 4/14
  4871 | D:5      | Noticed Ijyb
  4874 | D:5      | Killed Ijyb
  5077 | D:5      | Reached skill level 6 in Air Magic
  5145 | D:5      | Found Toizew's Assorted Antiques.
  5153 | D:5      | Bought a bloodstained mace for 160 gold pieces
  5153 | D:5      | Identified the +6 mace "Voets" {vorpal, +Fly rF+ rN+} (You
                  | bought it in a shop on level 5 of the Dungeon)
  5369 | D:5      | Found a snail-covered altar of Cheibriados.
  5780 | D:6      | Reached XP level 7. HP: 9/50 MP: 3/16
  6124 | D:6      | Reached skill level 7 in Air Magic
  6232 | D:6      | Reached skill level 5 in Spellcasting
  6232 | D:6      | Reached XP level 8. HP: 36/57 MP: 0/19
  6362 | D:6      | Reached skill level 8 in Air Magic
  7625 | D:7      | Reached skill level 9 in Air Magic
  8135 | D:8      | Noticed Prince Ribbit
  8139 | D:8      | Killed Prince Ribbit
  8426 | D:8      | Found Wipuf's Antique Weapon Shoppe.
  8630 | D:8      | Reached XP level 9. HP: 62/62 MP: 1/22
  9072 | D:8      | Reached skill level 1 in Fighting
  9198 | D:8      | Noticed Maggie
  9208 | D:8      | Killed Maggie
  9209 | D:8      | Reached skill level 10 in Air Magic
  9648 | D:8      | Found Puceetedu's Magic Scroll Shoppe.
  9733 | D:8      | Noticed Erica
  9752 | D:8      | Found Vuiset's Antique Weapon Shop.
  9920 | D:8      | Killed Erica
 10475 | D:8      | Found Noviosk's Antique Armour Emporium.
 10507 | D:8      | Noticed Psyche
 10511 | D:8      | Killed Psyche
 10512 | D:8      | Reached skill level 11 in Air Magic
 10601 | D:8      | Found a broken altar of Ashenzari.
 10632 | D:8      | Found Amumouj's Distillery.
 10720 | D:9      | Reached XP level 10. HP: 77/77 MP: 0/24
 12384 | D:10     | Entered Level 10 of the Dungeon
 13091 | D:10     | Found a white marble altar of Elyvilon.
 13325 | D:11     | Reached skill level 5 in Fighting
 13550 | D:11     | Noticed a manticore
 13553 | D:11     | Killed a manticore
 13554 | D:11     | Reached skill level 12 in Air Magic
 13942 | D:11     | You fall into a shaft and drop 2 floors!
 13943 | D:13     | Noticed a centaur warrior
 14420 | D:11     | Found a staircase to the Lair.
 14530 | D:11     | Found a shadowy altar of Dithmenos.
 14903 | D:11     | Reached XP level 11. HP: 75/88 MP: 10/27
 15654 | D:11     | Found a staircase to the Orcish Mines.
 16125 | D:8      | Bought a pair of buzzing boots for 256 gold pieces
 16135 | D:8      | Identified the +0 pair of boots of Gozamisch {Int+4} (You
                  | bought it in a shop on level 8 of the Dungeon)
 16199 | Lair:1   | Entered Level 1 of the Lair of Beasts
 16207 | Lair:1   | Noticed a seven-headed hydra
 16366 | D:11     | Learned a level 5 spell: Lightning Bolt
 16392 | D:11     | Slain by a seven-headed hydra

Illustrated notes

Levels and vault maps discovered:
D:1:      nagdon_arrival_zigzag_paths, layout_loops_ring, minmay_hexomino_r4
D:2:      cheibrodos_helix_gallery, layout_rooms, lemuel_doored_altar,
          nicolae_overflow_crystal_walls, fountainhead, uniq_terence
D:3:      layout_basic, chequers_serial_rivers_room_a, st_stairs_4
D:4:      layout_loops_ring, minmay_overflow_temple_star_hex
D:5:      layout_cave_pools, cheibriados_altar_1, minmay_temple_entry_hall,
          serial_shops, nicolae_shop_statue_plus, uniq_ijyb
D:6:      layout_loops_cross, minmay_pentangle
D:7:      layout_cave_pools, grunt_ministairs_7
D:8:      layout_loops_ring, lemuel_coloured_pillars_altar, serial_shops, shop,
          nicolae_shop_overgrown_old_shop, shop, kennysheep_mini, shop,
          uniq_maggie, uniq_erica, uniq_prince_ribbit1, uniq_psyche
D:9:      layout_irregular_city
D:10:     layout_roguey, elyvilon_altar_3
D:11:     layout_irregular_city, erik_lair_island, erik_orc_2,
          nicolae_dithmenos_through_a_glass_darkly
D:12:     layout_irregular_city, gammafunk_ghost_split, lemuel_statue_altar
D:13:     layout_loops_ring, corexii_hall_statues_u
Lair:1:   layout_misc_corridors, beast_lair_carwin_9, lemuel_fruit_tree,
          serial_bayou_shore_b

Skill      XL: |  1  2  3  4  5  6  7  8  9 10 |
---------------+-------------------------------+-----
Spellcasting   | 2 3 4 5 6 7 8 |  8.3
Air Magic      | 3 4 5 6 7 9 11 12 | 12.5
Fighting       | 3 5 |  5.9
Dodging        | |  1.7
Stealth        | |  1.7
Conjurations   | |  0.8

Action                   |  1- 3 |  4- 6 |  7- 9 | 10-12 || total
-------------------------+-------+-------+-------+-------++-------
Melee: Unarmed           |     6 |       |       |       ||     6
       Dagger            |    15 |     2 |       |       ||    17
       Mace              |       |     5 |    17 |     8 ||    30
 Cast: Shock             |    77 |   203 |     1 |     1 ||   282
       Airstrike         |       |     5 |   123 |   170 ||   298
Evoke: Wand              |       |     1 |     7 |     1 ||     9
  Use: Potion            |       |     2 |       |       ||     2
       Scroll            |       |       |     9 |    15 ||    24
 Stab: Sleeping          |       |     1 |       |       ||     1
Armor: Robe              |     4 |     7 |     5 |     9 ||    25
       Troll leather arm |       |       |       |     7 ||     7
Dodge: Dodged            |    32 |    35 |    33 |    40 ||   140

Table legend: (Time is in decaauts)
 A = Elapsed time spent in this place.
 B = Non-inter-level travel time spent in this place.
 C = Inter-level travel time spent in this place.
 D = Time resting spent in this place.
 E = Time spent auto-exploring this place.
 F = Levels seen in this place.
 G = Mean time per level.
                   A        B        C        D        E       F      G
               +--------+--------+--------+--------+--------+-----+--------+
         Total |  16417 |  15984 |    433 |   2111 |  12058 |  14 | 1172.6 |
       Dungeon |  16400 |  15967 |    433 |   2111 |  12057 |  13 | 1261.5 |
          Lair |     16 |     16 |      0 |      0 |      1 |   1 |   16.0 |
               +--------+--------+--------+--------+--------+-----+--------+

Top non-repeatable levels by time:
     D:8: 2422 daAuts
    D:11: 2417 daAuts
     D:7: 1616 daAuts
     D:6: 1597 daAuts
     D:1: 1521 daAuts
     D:9: 1227 daAuts
     D:2: 1175 daAuts
    D:10: 1074 daAuts
     D:4: 1047 daAuts
     D:5: 983 daAuts
     D:3: 847 daAuts
    D:13: 349 daAuts
    D:12: 119 daAuts
  Lair:1: 16 daAuts
